 Dungeon Crawl Stone Soup version 0.27-a0-1136-g0b992a5a9d (webtiles) character file.

Game seed: 12030525522045852007

583 1player the Skirmisher (level 7, -1/62 HPs)
             Began as a Palentonga Abyssal Knight on May 5, 2021.
             Was a Believer of Lugonu.
             Slain by Menkaure (11 damage)
             ... on level 5 of the Dungeon.
             The game lasted 00:13:00 (6465 turns).

1player the Skirmisher (Palentonga Abyssal Knight)  Turns: 6465, Time: 00:13:00

Health: -1/62      AC: 17    Str: 16    XL:     7   Next: 14%
Magic:  8/8        EV:  7    Int: 12    God:    Lugonu [**....]
Gold:   200        SH:  5    Dex: 11    Spells: 6/6 levels left

rFire    + + .     SeeInvis +   l - +0 quarterstaff
rCold    + . .     Faith    .   (shield currently unavailable)
rNeg     . . .     Spirit   .   b - +0 leather armour
rPois    .         Reflect  +   (no helmet)
rElec    +         Harm     .   h - scarf {rC+ rF+}
rCorr    .         Rampage  .   f - +0 pair of gloves
Will     .....                  j - +0 barding
Stlth    +.........             x - amulet of the Pariah {Reflect rElec rF+ SH+5}
HPRegen  0.20/turn              (no ring)
MPRegen  0.11/turn              (no ring)

@: curled up
A: large, rugged brown scales 3, see invisible, deformed body, roll 1, armoured
tail, reflexive curl
a: Rolling Charge, Renounce Religion, Depart the Abyss, Bend Space


You were on level 5 of the Dungeon.
You worshipped Lugonu.
Lugonu was pleased with you.
You visited 1 branch of the dungeon, and saw 5 of its levels.
You visited the Abyss 1 time.
You also visited: Sewer.

You collected 200 gold pieces.

Inventory:

Hand Weapons
 a - a +1 spear
 l - a +0 quarterstaff (weapon)
Missiles
 e - 34 poisoned darts (quivered)
Armour
 b - a +0 leather armour (worn)
 f - a +0 pair of gloves (worn)
 h - a scarf of resistance (worn)
 j - a +0 barding (worn)
Magical Staves
 d - a staff of earth
Jewellery
 x - the amulet of the Pariah (around neck) {Reflect rElec rF+ SH+5}
   (You acquired it on level 5 of the Dungeon)

   [amulet of reflection]

   It reflects blocked missile attacks.
   It protects you from fire.
   It insulates you from electricity.
   It affects your SH (+5).
Wands
 o - a wand of polymorph (4)
Scrolls
 i - a scroll of magic mapping
 t - a scroll of holy word
Potions
 n - 2 potions of magic
 q - a potion of flight
 u - a potion of lignification {unknown}


   Skills:
 - Level 6.0 Fighting
 - Level 1.7(3.6) Polearms
 * Level 5.4(5.6) Staves
 - Level 1.5 Armour
 - Level 0.7 Dodging
 - Level 2.0 Invocations


You had 6 spell levels left.
You didn't know any spells.
Your spell library was empty.

Dungeon Overview and Level Annotations

Branches:
Dungeon (5/15)              Sewer (visited)
 Temple: D:4-7

Altars:

Shops:
D:3 (

Annotations:
D:1 exclusion: downstairs
D:3 1 runed translucent door, Crazy Yiuf
D:5 Menkaure


Innate Abilities, Weirdness & Mutations

You are completely covered in rugged brown scales. (AC +3, +7% HP)
You have supernaturally acute eyesight. (SInv)
Armour fits poorly on your strangely shaped body.
You can roll at nearby foes to attack.
You have a long armoured tail.
You curl defensively after being hit.


Message History

Found 17 poisoned darts and 7 stones.
Found 11 gold pieces.
There is an open door here.
e - 34 poisoned darts (gained 17)
You now have 200 gold pieces (gained 11).
You open the door.
Menkaure shouts!
There is an open door here.
Menkaure casts a spell.
Menkaure seems to speed up.
There's nothing to close nearby.
You close the door.
Okay, then.
Menkaure opens the door.
Menkaure hits you.
There is an open door here.
You hit Menkaure.
Menkaure is lightly damaged.
You block Menkaure's attack. Menkaure hits you but does no damage.
You hit Menkaure but do no damage.
Menkaure is lightly damaged.
Menkaure barely misses you.
You hit Menkaure.
Menkaure is moderately damaged.
Menkaure barely misses you.
You thump Menkaure!
Menkaure is severely damaged.
Menkaure calls on the powers of darkness!
Your body is wracked with pain!
You hit Menkaure.
Menkaure is severely damaged.
Menkaure calls on the powers of darkness!
Your body is wracked with pain!
Menkaure gestures at you while chanting.
Pain shoots through your body!
* * * LOW HITPOINT WARNING * * *
You hit Menkaure.
Menkaure is almost destroyed.
Menkaure hits you!
You die...

...................#.........(#
#######+#########.###.#########
###. ## #.###.... .....
#......... .... #......... #...
#..###...# ##...######..###...#
#.....#.............
#....M@.............
#.....#.....!.......
###+#######...#######
###'###....### #....#.....#..
#..[.#........ # #....#........
## #+# #. ##..###...##..
.###..##..##..##..###...##..


You could see Menkaure (fast).

Vanquished Creatures
  A black bear (D:4)
  2 bullfrogs (Sewer)
  A scorpion (D:4)
  2 centaur zombies (D:5)
  A bullfrog skeleton (D:5)
  A centaur skeleton (D:4)
  Natasha (D:2)
  An iguana (D:4)
  5 adders
  An adder skeleton (D:4)
  A dart slug (D:1)
  2 orcs
  8 ball pythons
  5 endoplasms
  8 giant cockroaches
  7 goblins
  5 hobgoblins
  8 jackals
  7 kobolds
  2 quokkas
  5 bats
  6 frilled lizards
  A quokka skeleton (D:4)
  4 rats (D:2)
85 creatures vanquished.

Notes
Turn   | Place    | Note
-------+----------+-------------------------------------------
     0 | Abyss:1  | 1player the Palentonga Abyssal Knight began the quest for
                  | the Orb.
     0 | Abyss:1  | Reached XP level 1. HP: 19/19 MP: 2/2
    32 | Abyss:1  | Found a corrupted altar of Lugonu.
   105 | Abyss:1  | Noticed a spatial maelstrom
   106 | Abyss:1  | Noticed a spatial vortex
   106 | D:1      | Escaped the Abyss
   361 | D:1      | Reached * piety under Lugonu
   553 | D:1      | Reached XP level 2. HP: 25/25 MP: 3/3
   811 | D:1      | Reached skill level 4 in Fighting
  1120 | D:1      | Reached XP level 3. HP: 31/32 MP: 4/4
  1339 | D:2      | Noticed an ogre
  2096 | D:3      | Noticed Natasha
  2302 | D:2      | Killed Natasha
  2303 | D:2      | Reached skill level 1 in Staves
  2577 | D:3      | Found a faded altar of an unknown god.
  2653 | D:3      | Reached XP level 4. HP: 40/40 MP: 5/5
  2902 | D:3      | Found Waha's Weapon Emporium.
  3258 | D:3      | Found a runed translucent door.
  3259 | D:3      | Noticed Crazy Yiuf
  3594 | D:4      | Noticed a scorpion
  3612 | D:4      | Found a glowing drain.
  3621 | Sewer    | Entered a sewer
  3778 | Sewer    | Reached ** piety under Lugonu
  3879 | Sewer    | Reached XP level 5. HP: 41/46 MP: 6/6
  3884 | Sewer    | Reached skill level 5 in Fighting
  4105 | Sewer    | HP: 1/47 [bullfrog (8)]
  4121 | Sewer    | Reached XP level 6. HP: 11/54 MP: 7/7
  5562 | D:4      | Reached skill level 5 in Staves
  5710 | D:5      | Entered Level 5 of the Dungeon
  5718 | D:5      | Gained mutation: You curl defensively after being hit.
                  | [Palentonga growth]
  5718 | D:5      | Reached XP level 7. HP: 50/60 MP: 8/8
  5880 | D:5      | Identified a scroll of acquirement
  5880 | D:5      | Acquired the amulet of the Pariah {Reflect rElec rF+ SH+5}
  5949 | D:5      | Reached skill level 6 in Fighting
  6117 | D:5      | Noticed Menkaure
  6465 | D:5      | Slain by Menkaure

Illustrated notes

Levels and vault maps discovered:
D:1:      dpeg_arrival_arbitrary_a, layout_rooms
D:2:      layout_basic
D:3:      layout_loops_ring, shapermc_ecumenical_altar_totnotflames,
          serial_shops, nicolae_shop_window_shopping, uniq_crazy_yiuf_cottage,
          uniq_natasha
D:4:      layout_basic, portal_sewer_entry_d, hangedman_decor_clover_reticule
D:5:      layout_gridville, kennysheep_mini_moat, uniq_menkaure

Skill      XL: |  1  2  3  4  5  6  7 |
---------------+----------------------+-----
Fighting       | 4 5 6 |  6.0
Staves         | 1 2 3 5 |  5.4
Polearms       | |  1.7
Armour         | |  1.5
Dodging        | |  0.7
Invocations    | |  2.0

Action                   |  1- 3 |  4- 6 |  7- 9 || total
-------------------------+-------+-------+-------++-------
Melee: Spear             |   110 |       |       ||   110
       Tailslap          |    10 |    21 |     6 ||    37
       Quarterstaff      |    14 |   129 |    23 ||   166
Throw: Dart              |    11 |    35 |       ||    46
Invok: Depart the Abyss  |     1 |       |       ||     1
       Bend Space        |       |     1 |     1 ||     2
 Abil: Rolling Charge    |    29 |    13 |     2 ||    44
  Use: Scroll            |     3 |     4 |     6 ||    13
       Potion            |       |     6 |       ||     6
Armor: Leather armour    |    61 |   122 |    24 ||   207
Dodge: Dodged            |    49 |    96 |     8 ||   153
Block: Other             |       |       |     2 ||     2

Table legend: (Time is in decaauts)
 A = Elapsed time spent in this place.
 B = Non-inter-level travel time spent in this place.
 C = Inter-level travel time spent in this place.
 D = Time resting spent in this place.
 E = Time spent auto-exploring this place.
 F = Levels seen in this place.
 G = Mean time per level.
                   A        B        C        D        E       F      G
               +--------+--------+--------+--------+--------+-----+--------+
         Total |   6631 |   6237 |    394 |   2103 |   2791 |   7 |  947.3 |
       Dungeon |   5390 |   4996 |    394 |   1681 |   2279 |   5 | 1078.0 |
         Abyss |    106 |    106 |      0 |      0 |    105 |   1 |  106.0 |
         Sewer |   1135 |   1135 |      0 |    422 |    406 |   1 | 1135.0 |
               +--------+--------+--------+--------+--------+-----+--------+

Top non-repeatable levels by time:
     D:4: 1444 daAuts
     D:2: 1276 daAuts
   Sewer: 1135 daAuts
     D:1: 1126 daAuts
     D:3: 1058 daAuts
     D:5: 484 daAuts
 Abyss:1: 106 daAuts
